Arrhythmia, chaotic female vampiric Convict --- .. ---- ---#----- --- ----..- o...... .| --....|.. -......- ------ -.| |...--|- |.....*| |.... |.| --....| |....*. |**.| |.|0 ----.--- |0| |......| ... |.# ------ |...| |.| -- --......-----|---+--.| |.%..-- ---.--- |.| -- --- --.......................| --....| |...| --.|..............{...o....{.........| |.<.)--- ---.--...| --+---+--.. --..o--.......%...| ---.%%.| |.....|.| --- |.0..o|.------|--.| ----|...%----.....|.| |.oSoo|.| ....|.| |...--.....|........| |.o_oo|. |....|.| |...............-...| |...o@|.| |....|.| --............ ..-.0| ------------- -------.---------.| - --........|.. .....|..........................%...%..#.| |.....--.--- ..|..-----------#------------#---.------.| --..------ ---................................ ---- --------------------------------- Arrhythmia the Jail-bird Experience level: 8 Strength: 15 Dexterity: 11 Constitution: 18 Intelligence: 14 Wisdom: 9 Charisma: 10 Health: 0(74) Energy: 41(41) AC: -3 Gold: 857 Moves: 4247 Your Inventory: Coins $ - 857 gold pieces Weapons a - an [uncursed +0] broad pick [dwarvish mattock] (weapon in hands) v - an [uncursed +1] dagger T - an [uncursed +0] curved sword [scimitar] U - an [uncursed +0] knife Armor b - a cursed +0 striped shirt h - a [blessed] burnt +0 pair of fencing gloves [leather] (being worn) j - an [uncursed] +0 hard hat [dwarvish iron helm] (being worn) s - a [blessed] +3 hooded cloak [dwarvish] (being worn) z - an [uncursed] +0 pair of hard shoes [iron] (being worn) E - an [uncursed] +0 dwarvish mithril-coat (being worn) G - an [uncursed] +0 plumed helmet [helmet] K - an [uncursed +0] mummy wrapping Scrolls e - a [cursed] scroll labeled PRIRUTSENIE [of enchant armor] Potions p - 2 [uncursed] potions of object detection O - an [uncursed] orange potion [of extra healing] Q - a [blessed] clear potion [of holy water] Wands f - an [uncursed] wand of create monster [0:10] B - an [uncursed] platinum wand [of digging (0:8)] Tools r - 22 [uncursed wax] candles C - an [uncursed] looking glass [mirror] M - an [uncursed] tinning kit [0:68] N - an [uncursed] lock pick Gems m - 2 [uncursed] green gems [worthless glass] n - 2 [uncursed] red gems [worthless glass] q - an [uncursed] yellow gem [worthless glass] A - an [uncursed] white gem [worthless glass] D - an [uncursed] yellowish brown gem [topaz] R - an [uncursed] gray stone [flint] Spells known in the end: Name Level Category Fail Memory Your skills at the end: Fighting Skills Weapon Skills sling [Basic / Skilled] Spellcasting Skills Final Attributes: You were piously aligned. Hunger level was 752. Your alignment was 30 / 31. Monster difficulty range was 1 - 7. Level difficulty was 6. You were immune to poison. You were immune to level-drain. You were immune to sickness. You could fly. You could survive without air. You regenerated. Your luck was zero. You are dead. Vanquished creatures: a ghost a chameleon a wolf 2 leprechauns a jaguar a snake an imp a wood nymph a water nymph a mountain nymph a Mordor orc 3 Uruk-hai a rock piercer 4 yellow lights a shrieker a violet fungus 3 gnome lords a gnomish wizard 2 kobold mummies a gray ooze a wax golem a floating eye 6 dwarves a kobold lord 5 hill orcs 3 orc zombies a werejackal an iguana 2 acid blobs 2 coyotes a gas spore a hobbit a large kobold a hobgoblin a giant rat a red mold 26 gnomes 2 geckos 3 jackals a kobold 3 goblins 3 sewer rats 2 grid bugs 3 lichens 2 kobold zombies 6 newts 109 creatures vanquished. Voluntary challenges: You went without food. You used a wielded weapon 25 times. You read items or engraved 830 times. You put on armor 20 times. You never genocided any monsters. You never polymorphed an object. You never changed form. You used no wishes. You wrote Elbereth's name 393 times. You never encountered a bones level. You never used any Sokoban shortcuts. Dungeon overview: The Dungeons of Doom: levels 1 to 3 Level 1 a long staircase Level 3 an armor shop, an altar, a sink stairs to The Gnomish Mines The Gnomish Mines: levels 4 to 6 Level 4 stairs to The Dungeons of Doom Level 6 <- You were here a general store, a temple to Tymora, a magic chest, some fountains History has recorded: On T:1 you entered the Dungeons of Doom to retrieve the Amulet of Yendor! On T:75 you advanced to experience level 2. On T:100 you advanced to experience level 3. On T:294 you reached level 2 of The Dungeons of Doom. On T:431 you advanced to experience level 4. On T:964 you reached level 3 of The Dungeons of Doom. On T:1293 you advanced to experience level 5. On T:1364 you reached level 1 of The Gnomish Mines. On T:1471 you advanced to experience level 6. On T:2618 you advanced to experience level 7. On T:3067 you reached level 2 of The Gnomish Mines. On T:3822 you reached level 3 of The Gnomish Mines. On T:3830 you advanced to experience level 8. Latest messages: The orc-captain misses. [HP-5=5] You add "Elbereth" with your fingers to the scrawl on the floor. The orc shaman points at you, then curses. [HP+1=6] You add "Elbereth" with your fingers to the scrawl on the floor. The goblin misses. The orc shaman points at you, then curses. [HP+1=7] You add "Elbereth" with your fingers to the scrawl on the floor. The air crackles around the orc shaman. The orc-captain thrusts his knife. The orc-captain misses. The orc-captain thrusts his knife. The orc-captain hits! [HP-5=2] You add "Elbereth" with your fingers to the scrawl on the floor. The goblin misses. The orc shaman points at you, then curses. [HP+1=3] You add "Elbereth" with your fingers to the scrawl on the floor. The orc shaman points at you, then curses. The orc-captain thrusts his knife. The orc-captain hits! You die... Final status: Goodbye Arrhythmia the Convict... You died in The Gnomish Mines on dungeon level 6 with 6124 points, and 857 pieces of gold, after 4247 moves. You were level 8 with a maximum of 74 hit points when you died.